AoeStats
← g909

Arabia

506710926Analyzed
1v1 RM · 18d ago on Sep 14, 2026· 44m 2s· 2 players
Game mode
Random Map
Map size
Tiny (2 player)
Population
200
Speed
Normal
Resources
Standard
Victory
Conquest
Starting age
Dark Age
Ending age
Imperial Age
RankedLock teamsTeams togetherTeam positionsShared explorationLock speedFull tech treeHidden civsTurbo modeCheats
Victory
Defeat
🇷🇺 Slavs · Russia
672
+35
🇦🇷 Persians · Argentina
669
-16
argentino
5:02 Loom
10:14 Feudal Age
11:28 Double-Bit Axe
13:05 Forging
16:37 Horse Collar
18:20 Fletching
23:04 Castle Age
21:51 Stone Mining
21:52 Gold Mining
24:18 Stone Shaft Mining
24:07 Crossbowman
24:54 Thumb Ring
26:11 Murder Holes
26:38 Ballistics
28:05 Man-at-Arms
32:41 Bodkin Arrow
37:36 Kamandaran
40:31 Imperial Age
g909
10:57 Loom
12:42 Feudal Age
13:59 Double-Bit Axe
13:56 Horse Collar
17:54 Castle Age
15:55 Gold Mining
16:47 Fletching
16:59 Scale Mail Armor
18:38 Forging
19:08 Bow Saw
18:59 Heavy Plow
22:50 Gold Shaft Mining
22:08 Stone Mining
23:36 Pikeman
24:18 Squires
25:41 Town Watch
27:25 Wheelbarrow
27:28 Murder Holes
31:20 Masonry
32:31 Detinets
34:30 Scale Barding Armor
34:22 Bodkin Arrow
37:15 Man-at-Arms
42:06 Imperial Age
40:43 Ballistics
40:35 Masonry
40:49 Chain Barding Armor
41:05 Iron Casting
43:14 Conscription
44:20 Blast Furnace
43:56 Plate Barding Armor
43:37 Chain Mail Armor
43:06 Capped Ram
Connection lost

Rejoining the realm…

Still unreachable

The connection could not be restored.

Session expired

The server has moved on; the page needs a fresh start.